 Dungeon Crawl Stone Soup version 0.24.0-13-gcf9b319 (webtiles) character file.

Game seed: 18192802330453112891, levelgen mode: deterministic

132 Bronimir the Digger (level 4, 0/37 HPs)
             Began as a Deep Dwarf Earth Elementalist on Apr 14, 2020.
             Killed from afar by Ijyb (6 damage)
             ... with a bolt of acid
             ... on level 3 of the Dungeon.
             The game lasted 00:06:11 (2073 turns).

Bronimir the Digger (Deep Dwarf Earth Elementalist) Turns: 2073, Time: 00:06:12

Health: 0/37       AC:  3    Str: 11    XL:     4   Next: 92%
Magic:  5/8        EV: 11    Int: 17    God:
Gold:   209        SH:  3    Dex: 13    Spells: 2/8 levels left

rFire    . . .     SeeInvis .   b - +0 hunting sling
rCold    . . .     Gourm    .   s - +0 buckler
rNeg     . . .     Faith    .   m - +0 leather armour
rPois    .         Spirit   .   (no helmet)
rElec    .         Reflect  .   (no cloak)
rCorr    .         Harm     .   (no gloves)
MR       .....                  (no boots)
Stlth    ++........             (no amulet)
HPRegen  0.00/turn              (no ring)
MPRegen  0.11/turn              (no ring)

@: very slightly contaminated, non-regenerating
A: damage resistance, heal wounds, sense surroundings 1, no regeneration
a: Heal Wounds


You were on level 3 of the Dungeon.
You were hungry.

You visited 1 branch of the dungeon, and saw 3 of its levels.

You collected 209 gold pieces.

Inventory:

Hand Weapons
 a - a +0 war axe
 b - a +0 hunting sling (weapon)
 i - a +0 club
Missiles
 k - 39 arrows
 o - 13 sling bullets (quivered)
 t - 46 stones
Armour
 c - a +0 robe
 m - a +0 leather armour (worn)
 s - a +0 buckler (worn)
 u - a +0 ring mail
Scrolls
 f - 3 scrolls of identify {unknown}
 h - 3 scrolls of remove curse {unknown}
 l - 2 scrolls of teleportation {unknown}
 p - a scroll of noise {unknown}
 r - 2 scrolls of magic mapping {unknown}
Potions
 e - 2 potions of berserk rage {unknown}
 g - 2 potions of lignification {unknown}
 j - a potion of heal wounds {unknown}
 n - 3 potions of curing {unknown}
 q - a potion of flight {unknown}
Comestibles
 d - 4 rations


   Skills:
 + Level 0.7 Fighting
 + Level 0.6 Slings
 * Level 0.8 Armour
 + Level 2.5 Dodging
 - Level 2.4 Stealth
 * Level 0.5 Shields
 + Level 0.2 Unarmed Combat
 * Level 2.8 Spellcasting
 + Level 1.0 Transmutations
 * Level 5.6 Earth Magic


You had 2 spell levels left.
You knew the following spells:

 Your Spells              Type           Power        Failure   Level  Hunger
a - Sandblast             Erth           ###...       3%          1    #......
b - Passwall              Tmut/Erth      ##......     14%         2    ##.....
c - Stone Arrow           Conj/Erth      ##....       34%         3    ###....

Your spell library contained the following spells:

 Spells                   Type           Power        Failure   Level  Hunger
 Petrify                  Tmut/Erth      ##......     67%         4    #####..
 Lee's Rapid Deconstruct  Erth           ###.......   71%         5    ######.


Dungeon Overview and Level Annotations

Branches:
Dungeon (3/15)

Altars:
Dithmenos

Annotations:
D:3 Ijyb


Innate Abilities, Weirdness & Mutations

You are resistant to damage.
You can heal yourself by infusing magical energy.
You passively map a small area around you.
You do not regenerate.


Message History

The orc moves out of view.
You see here a ring mail.
u - a ring mail
Casting: Sandblast (safe; 3% risk of failure)
Confirm with . or Enter, or press ? or * to list all spells.
Aiming: Stone Arrow (safe; 34% risk of failure)
Press: ? - help, Shift-Dir - straight line, f - orc
Aim: an orc, wielding a +0 hand axe You miscast Stone Arrow.
You are very lightly contaminated with residual magic.
The air around you crackles with energy!
You are feeling hungry.
Ijyb zaps a wand.
The bolt of acid misses the orc.
The bolt of acid hits you.
You are splashed with acid!
* * * LOW HITPOINT WARNING * * *
The orc hits you with a +0 hand axe.
* * * LOW HITPOINT WARNING * * *
Ijyb screams, "Me kill you!"
Ijyb zaps a wand.
The bolt of acid misses the orc.
The bolt of acid hits you!
You die...

###...###.#..........
#.....# #...#########
#.###.###†### #.*
#.....# # ###.### ##
#.# *, #. #.# , #.
#.#####.######. #
#...@.o.go.....,, , ,
############... ,, *
, , ,* , , * * * *


You could see Ijyb and 2 orcs.

Vanquished Creatures
  6 adders (D:2)
  3 worms
  A dart slug (D:1)
  2 leopard geckos (D:2)
  An orc (D:3)
  5 bats
  3 giant cockroaches
  6 goblins
  9 hobgoblins
  9 jackals
  2 quokkas (D:3)
  A ball python (D:2)
  3 frilled lizards
  9 kobolds
  3 rats
63 creatures vanquished.

Notes
Turn   | Place    | Note
-------+----------+-------------------------------------------
     0 | D:1      | Bronimir the Deep Dwarf Earth Elementalist began the quest
                  | for the Orb.
     0 | D:1      | Reached XP level 1. HP: 15/15 MP: 3/3
    72 | D:1      | Reached XP level 2. HP: 8/22 MP: 0/4
   204 | D:1      | Learned a level 2 spell: Passwall
   356 | D:1      | Reached skill level 1 in Transmutations
   728 | D:1      | Reached XP level 3. HP: 28/28 MP: 3/6
   921 | D:2      | Reached skill level 5 in Earth Magic
   974 | D:2      | Found a shadowy altar of Dithmenos.
  1120 | D:2      | Reached XP level 4. HP: 30/36 MP: 3/7
  1143 | D:2      | Learned a level 3 spell: Stone Arrow
  2067 | D:3      | Noticed Ijyb
  2073 | D:3      | Killed from afar by Ijyb

Levels and vault maps discovered:
D:1:      nzn_arrival_depleted_hourglass, layout_basic
D:2:      layout_basic, nicolae_dithmenos_shadow_blocks,
          minmay_misc_feat_ornament
D:3:      layout_loops_ring, okawaru_altar_gauntlet_db, uniq_ijyb, uniq_grinder

Skill      XL: |  1  2  3 |
---------------+----------+-----
Transmutations | 1 |  1.0
Spellcasting   | 2 |  2.8
Earth Magic    | 5 |  5.6
Fighting       | |  0.7
Slings         | |  0.6
Armour         | |  0.8
Dodging        | |  2.5
Stealth        | |  2.4
Shields        | |  0.5
Unarmed Combat | |  0.2

Action                   |  1- 3 |  4- 6 || total
-------------------------+-------+-------++-------
Melee: Unarmed           |    40 |       ||    40
 Fire: Hunting sling     |     5 |    90 ||    95
 Cast: Sandblast         |    44 |    10 ||    54
 Abil: Heal Wounds       |     1 |       ||     1
  Eat: Chunk             |     1 |     3 ||     4
Armor: Robe              |     3 |       ||     3
       Leather armour    |     6 |    10 ||    16
Dodge: Dodged            |    41 |    20 ||    61
Block: Buckler           |     1 |     1 ||     2
